 Dungeon Crawl Stone Soup version 0.20.1-2-g1830e616b0 (webtiles) character file.

72 Alfie the Shooter (level 4, -7/34 HPs)
             Began as a Human Hunter on Jan 17, 2020.
             Splashed by Ijyb's acid (9 damage)
             ... on level 3 of the Dungeon.
             The game lasted 00:06:36 (1703 turns).

Alfie the Shooter (Human Hunter)                    Turns: 1703, Time: 00:06:37

Health: -7/34      AC:  4    Str: 13    XL:     4   Next: 48%
Magic:  4/4        EV: 12    Int: 12    God:
Gold:   127        SH:  0    Dex: 13    Spells: 3/3 levels left

rFire    . . .     SeeInvis .   a - +1 shortbow
rCold    . . .     Gourm    .   (shield currently unavailable)
rNeg     . . .     Faith    .   c - +0 leather armour
rPois    .         Spirit   .   (no helmet)
rElec    .         Reflect  .   (no cloak)
rCorr    .         Harm     .   g - +0 pair of gloves
MR       .....                  (no boots)
Stlth    +.........             (no amulet)
Regen    0.2/turn               (no ring)
MPRegen  0.1/turn               (no ring)

@: no status effects
A: no striking features
a: no special abilities


You were on level 3 of the Dungeon.
You were not hungry.

You visited 1 branch of the dungeon, and saw 3 of its levels.

You collected 127 gold pieces.

Inventory:

Hand Weapons
 a - a +1 shortbow (weapon)
 b - a +0 short sword
Missiles
 d - 54 arrows (quivered)
Armour
 c - a +0 leather armour (worn)
 g - a +0 pair of gloves (worn)
Scrolls
 e - 3 scrolls of remove curse
 h - 3 scrolls of identify
Potions
 i - 2 potions of curing {unknown}
 j - 2 potions of ambrosia
 l - a potion of berserk rage {unknown}
 m - 2 potions of lignification {unknown}
 n - a potion of might {unknown}
Comestibles
 f - 3 bread rations
 k - a royal jelly


   Skills:
 + Level 2.3 Fighting
 + Level 5.2 Bows
 + Level 0.8 Armour
 + Level 2.2 Dodging
 + Level 1.0 Stealth


You had 3 spell levels left.
You didn't know any spells.

Dungeon Overview and Level Annotations

Branches:
Dungeon (3/15)

Altars:
Nemelex Xobeh

Annotations:
D:3 Ijyb


Message History

Aim: Ijyb, wearing a scale mail and carrying a wand of acid (?/15) {zapped: 1} (almost dead)
You shoot an arrow. The arrow hits Ijyb but does no damage.
Ijyb is almost dead.
The orc closely misses you. The goblin hits you but does no damage.
Ijyb barely misses you. The hobgoblin barely misses you.
Firing (i - inventory):
d - 56 arrows (quivered)
Press: ? - help, Shift-Dir - straight line, f/p - Ijyb
Aim: Ijyb, wearing a scale mail and carrying a wand of acid (?/15) {zapped: 1} (almost dead)
You shoot an arrow. The arrow barely misses Ijyb.
The orc hits you but does no damage. The goblin hits you with a dagger.
Ijyb hits you.
The hobgoblin hits you but does no damage.
Firing (i - inventory):
d - 55 arrows (quivered)
Press: ? - help, Shift-Dir - straight line, f/p - Ijyb
Aim: Ijyb, wearing a scale mail and carrying a wand of acid (?/15) {zapped: 1} (almost dead)
You shoot an arrow. The arrow barely misses Ijyb.
The orc barely misses you. The goblin hits you with a dagger.
Ijyb zaps a wand.
The bolt of acid hits you!
* * * LOW HITPOINT WARNING * * *
You are splashed with acid!
The acid burns!
You die...

# .. ###### ... #<....
.... #################
..... #..........[.#
.$....##g...........####
(....(g@g...............
......##o...........###.
##### ##............#...
#.............#.##
#.....##......#...
#...(.##.....#####
#............#
#............#
###.#...<#####


You could see Ijyb, an orc, a hobgoblin and a goblin.

Vanquished Creatures
  3 adders (D:2)
  3 worms (D:2)
  A dart slug (D:2)
  A leopard gecko (D:1)
  2 giant cockroaches
  4 goblins
  5 hobgoblins
  A ball python (D:2)
  6 bats
  4 frilled lizards
  3 kobolds
  3 rats
36 creatures vanquished.

Vanquished Creatures (others)
  A hobgoblin (D:3)
1 creature vanquished.

Grand Total: 37 creatures vanquished

Notes
Turn   | Place    | Note
-------+----------+-------------------------------------------
     0 | D:1      | Alfie the Human Hunter began the quest for the Orb.
     0 | D:1      | Reached XP level 1. HP: 16/16 MP: 1/1
   311 | D:1      | Found a sparkling altar of Nemelex Xobeh.
   337 | D:1      | Reached XP level 2. HP: 22/22 MP: 2/2
   761 | D:2      | Reached XP level 3. HP: 23/27 MP: 3/3
   902 | D:2      | Reached skill level 5 in Bows
  1039 | D:2      | Reached XP level 4. HP: 27/33 MP: 4/4
  1688 | D:3      | Noticed Ijyb
  1703 | D:3      | Splashed by Ijyb's acid

Skill      XL: |  1  2  3 |
---------------+----------+-----
Bows           | 5 |  5.2
Fighting       | |  2.3
Armour         | |  0.8
Dodging        | |  2.2
Stealth        | |  1.0

Action                   |  1- 3 |  4- 6 || total
-------------------------+-------+-------++-------
Melee: Short sword       |     1 |       ||     1
 Fire: Shortbow          |    73 |    36 ||   109
  Use: Scroll            |     3 |       ||     3
  Eat: Meat ration       |       |     1 ||     1
Armor: Leather armour    |     9 |    17 ||    26
Dodge: Dodged            |    16 |    34 ||    50
